 Dungeon Crawl Stone Soup version 0.30.0 (webtiles) character file.

Game seed: 7561308199543138166

14 Charmandara the Sneak (level 2, 0/26 HPs)
             Began as an Armataur Delver on May 6, 2023.
             Slain by an adder (3 damage)
             ... on level 4 of the Dungeon.
             The game lasted 00:03:29 (204 turns).

Charmandara the Sneak (Armataur Delver)              Turns: 204, Time: 00:03:29

Health: 0/26       AC:  4    Str: 17    XL:     2   Next: 31%
Magic:  2/2        EV:  9    Int: 10    God:
Gold:   13         SH:  0    Dex: 11    Spells: 1/1 levels left

rFire   . .          .
                       - Unarmed
rCold   . . .        (no shield)
rNeg    . . .        a - +0 leather armour
rPois   .            (no helmet)
rElec   .            (no cloak)
rCorr   .            (no gloves)
SInv    .            (no barding)
Will    .....        (no amulet)
Stlth   +++          (no ring)
HPRegen 0.24/turn    (no ring)
MPRegen 0.08/turn

%: roll
@: lethally poisoned (0 -> -5), hasted (expiring), very quick
A: large, rugged brown scales 3, deformed body, armoured tail, roll, long
tongue, awkward tongue
a: no special abilities


You were on level 4 of the Dungeon.
You visited 1 branch of the dungeon, and saw 3 of its levels.

You collected 13 gold pieces.

Inventory:

Armour
 a - a +0 leather armour (worn)
Jewellery
 g - a ring of resist corrosion
Wands
 f - a wand of digging (3)


   Skills:
 - Level 2.6 Fighting
 - Level 1.3 Dodging
 - Level 5.4 Stealth
 + Level 2.7 Unarmed Combat


You had one spell level left.
You didn't know any spells.
Your spell library was empty.

Dungeon Overview and Level Annotations

Branches:
Dungeon (6/15)
 Temple: D:4-7

Altars:


Innate Abilities, Weirdness & Mutations

You are completely covered in rugged brown scales. (AC +3, +7% HP)
Armour fits poorly on your strangely shaped body.
You have a long armoured tail.
You roll when moving toward enemies. (Rampage)
Your long tongue fully drains potion bottles. (2x potion effects)
Your tongue gives you trouble enunciating. (1.5x scroll delay)


Message History

You completely miss the adder.
The adder is severely wounded.
The adder bites you.
You are poisoned.
The adder poisons you!
You hit the adder.
Your tail-slap misses the adder.
You punch the adder.
You kill the adder!
You feel sick.
You have reached level 2!
Unknown command.
You closely miss the adder.
You feel sick. The adder bites you but does no damage.
You miss the adder.
Your tail-slap misses the adder.
You feel sick. The adder misses you.
You hit the adder.
The adder is moderately wounded.
You feel sick. The adder bites you.
You miss the adder.
The adder is moderately wounded.
The adder bites you but does no damage.
You barely miss the adder. You tail-slap the adder.
The adder is heavily wounded.
You feel sick. The adder bites you.
* * * LOW HITPOINT WARNING * * *
You are lethally poisoned!
The adder poisons you!
You barely miss the adder.
The adder is heavily wounded.
* * * LOW HITPOINT WARNING * * *
You feel sick. The adder closely misses you.
You hit the adder but do no damage.
The adder is heavily wounded.
* * * LOW HITPOINT WARNING * * *
You feel sick.
You closely miss the adder.
The adder is heavily wounded.
Your extra speed is starting to run out.
* * * LOW HITPOINT WARNING * * *
You feel sick. The adder bites you.
You die...

### ..#.#
#.#.#####
#.#.....#
#.#.....#
#@#.....#
#S#.....#
+.#.....#
+.......#
##......###
#.....>...#
#.........#
#.........#
#..........#


You could see an adder.

Vanquished Creatures
  An adder (D:4)
  2 orcs
  A quokka (D:5)
4 creatures vanquished.

Notes
Turn   | Place    | Note
-------+----------+-------------------------------------------
     0 | D:5      | Charmandara the Armataur Delver began the quest for the
                  | Orb.
     0 | D:5      | Reached XP level 1. HP: 19/19 MP: 1/1
    38 | D:5      | Noticed a scorpion
    48 | D:5      | Noticed an orc wizard
    50 | D:5      | Noticed an orc wizard
    68 | D:6      | Noticed a kobold brigand
    72 | D:6      | Noticed an orc priest
   148 | D:5      | Noticed a hound
   151 | D:5      | Noticed an ice beast
   151 | D:5      | Noticed a phantom
   168 | D:5      | Noticed a scorpion
   168 | D:5      | Noticed a water moccasin
   197 | D:4      | Reached XP level 2. HP: 13/26 MP: 2/2
   204 | D:4      | Slain by an adder

Illustrated notes

Levels and vault maps discovered:
D:4:      kennysheep_big_flooded_room, layout_basic, serial_shops, shop_statue
D:5:      layout_basic, mainiacjoe_overflow_alcove_2
D:6:      layout_basic, minmay_temple_entry_statues_fountains,
          hangedman_decor_growths, kennysheep_generic_room_7,
          uniq_crazy_yiuf_cottage

Skill      XL: |  1 |
---------------+----+-----
Unarmed Combat | 2 |  2.7
Fighting       | |  2.6
Dodging        | |  1.3
Stealth        | |  5.4

Action                     || total
---------------------------++-------
  Melee: Unarmed           ||    38
         Tailslap          ||     3
         Punch             ||     1
    Use: Scroll            ||     3
         Potion            ||     1
   Stab: Sleeping          ||     2
 Armour: Leather armour    ||    13
  Dodge: Dodged            ||    24
